 Dungeon Crawl Stone Soup version 0.14-a0-2564-g94087c3 (webtiles) character file.

146 Jenx the Ruinous (level 4, 31/33 HPs)
             Began as a Draconian Conjurer on Feb 11, 2014.
             Quit the game on Level 2 of the Dungeon.
             The game lasted 00:06:08 (2438 turns).

Jenx the Ruinous (Draconian Conjurer)               Turns: 2438, Time: 00:06:08

HP  31/33        AC  6     Str 10      XL: 4   Next: 43%
MP   9/9         EV 12     Int 17      God:
Gold 48          SH  0     Dex 11      Spells:  3 memorised,  1 level left

rFire  . . .     SeeInvis .     a - +0,+1 hammer (crush)
rCold  . . .     Clarity  .     (armour unavailable)
rNeg   . . .     Conserve .     (no shield)
rPois  .         rCorr    .     (helmet restricted)
rElec  .         rRot     .     h - +0 cloak (curse)
SustAb . .       Spirit   .     (no gloves)
rMut   .         Warding  .     (no boots)
Saprov . . .     Stasis   .     (no amulet)
MR     .....                    (no ring)
                                (no ring)

@: not resistant to hostile enchantments, unstealthy
A: unfitting armour, AC +5
a: no special abilities


You were on level 2 of the Dungeon.
You were not hungry.

You visited 1 branch of the dungeon, and saw 2 of its levels.

You collected 48 gold pieces.

Inventory:

Hand weapons
 a - a +0,+1 hammer of crushing (weapon)
 g - a +4,+4 quarterstaff of chaos
Missiles
 o - 11 silver darts
 p - 26 darts (quivered)
Armour
 h - a cursed +0 cloak (worn)
Comestibles
 b - 3 bread rations
 f - 3 rotting chunks of jackal flesh
 i - a rotting chunk of gnoll flesh
 j - a meat ration
 k - 3 chunks of hobgoblin flesh
Scrolls
 e - a scroll of noise {unknown}
 l - 2 scrolls of identify
Potions
 d - a potion of mutation {unknown}
Books
 c - a book of Conjurations

   Spells                             Type                      Level
   *Magic Dart                        Conjuration                  1
   Searing Ray                        Conjuration                  2
   *Dazzling Spray                    Conjuration/Hexes            3
   Iskenderun's Mystic Blast          Conjuration                  4
   *Iskenderun's Battlesphere         Conjuration/Charms           4
   Fulminant Prism                    Conjuration/Hexes            5


   Skills:
 - Level 1.7 Dodging
 - Level 1.7 Stealth
 * Level 3.4 Spellcasting
 - Level 5.0 Conjurations


You had one spell level left.
You knew the following spells:

 Your Spells              Type           Power        Failure   Level  Hunger
a - Magic Dart            Conj           ###.         2%          1    None
b - Dazzling Spray        Conj/Hex       ##......     21%         3    ###....
c - Iskenderun's Battles  Conj/Chrm      ##......     71%         4    ####...


Dungeon Overview and Level Annotations

Branches:
Dungeon (2/16)

Altars:


Message History

You see here a club.
You start resting.
Magic restored.
You start resting.
You are feeling hungry.
You start resting.
Your magical contamination has completely faded away.
You start resting.
You smell something rotten. (slot i) Eat one of 4 chunks of jackal flesh? (ye/n/q/i?) This raw flesh tastes terrible.
You continue eating.
You start resting.
You smell decay.
Yuck! (slot f) This spell is very dangerous to cast!
Memorise Iskenderun's Battlesphere, consuming 4 spell levels and leaving 1?
You start memorising the spell.
You continue memorising.
You continue memorising.
You finish memorising.
Are you sure you want to abandon this character and quit the game? (Confirm with "yes".)

#))))# #.....#######.####
#####..#####.....# #.#
#####....).)##.......# #.#
.§..h................# #.#
##..#..§...###.......#######.##
≈≈.≈≈≈§≈..#
#########........###
##§####≈..# #........##. §≈
##..###########......%.##. .
#.....>.@.............##.
#.############........##.
#.######################.
#........................
#.#########.......%....<. #.#
#..=......##### #.# #.........#
#. #.# #########.# #. #)# #.#
#.


There were no monsters in sight!

Vanquished Creatures
  Crazy Yiuf (D:2)
  2 adders (D:2)
  2 giant geckos
  An ooze (D:1)
  5 bats
  A giant cockroach (D:1)
  4 goblins
  11 hobgoblins
  4 giant newts (D:1)
  5 jackals
  5 kobolds
  A quokka (D:2)
  3 rats
45 creatures vanquished.

Notes
Turn   | Place    | Note
--------------------------------------------------------------
     0 | D:1      | Jenx, the Draconian Conjurer, began the quest for the Orb.
     0 | D:1      | Reached XP level 1. HP: 14/14 MP: 3/3
   350 | D:1      | Reached XP level 2. HP: 17/20 MP: 1/4
  1139 | D:2      | Reached skill level 5 in Conjurations
  1154 | D:2      | Reached XP level 3. HP: 23/26 MP: 1/6
  1497 | D:2      | Learned a level 3 spell: Dazzling Spray
  2149 | D:2      | Noticed Crazy Yiuf
  2174 | D:2      | Killed Crazy Yiuf
  2174 | D:2      | Reached XP level 4. HP: 6/33 MP: 0/9
  2438 | D:2      | Learned a level 4 spell: Iskenderun's Battlesphere
  2438 | D:2      | Quit the game

Action                   |  1- 3 |  4- 6 || total
-------------------------+-------+-------++-------
Melee: Dagger            |   185 |       ||   185
       Unarmed           |     3 |       ||     3
       Hammer            |       |     3 ||     3
Throw: Dart              |     4 |       ||     4
 Cast: Magic Dart        |    51 |     5 ||    56
       Dazzling Spray    |     1 |       ||     1
  Use: Scroll            |     3 |       ||     3
       Potion            |     2 |       ||     2
 Stab: Invisible         |     1 |       ||     1
